 Dungeon Crawl Stone Soup version 0.31-a0-1005-gfbdfbacc72 (webtiles) character file.

Game seed: 3135362704606217492

50 kae the Vexing (level 3, 0/24 HPs)
             Began as a Demonspawn Enchanter on Nov 10, 2023.
             Slain by a gnoll
             ... wielding a +0 club
              (7 damage)
             ... on level 2 of the Dungeon.
             The game lasted 00:00:56 (1159 turns).

kae the Vexing (Demonspawn Enchanter)               Turns: 1159, Time: 00:00:57

Health: 0/24       AC:  2    Str: 10    XL:     3   Next: 55%
Magic:  1/6        EV: 12    Int: 16    God:
Gold:   69         SH:  0    Dex: 13    Spells: 1/6 levels left

rFire   . . .        a - +1 dagger
rCold   . . .        (no shield)
rNeg    . . .        b - +0 robe
rPois   .            (helmet restricted)
rElec   .            (no cloak)
rCorr   .            (no gloves)
SInv    .            (no boots)
Will    .....        (no amulet)
Stlth   ++           (no ring)
HPRegen 0.24/turn    (no ring)
MPRegen 0.10/turn

%: no passive effects
@: no status effects
A: antennae 1, weakness stinger 1
a: no special abilities


You were on level 2 of the Dungeon.
You visited 1 branch of the dungeon, and saw 2 of its levels.

You collected 69 gold pieces.


Innate Abilities, Weirdness & Mutations

You have a pair of small antennae on your head.
You have a small tail.


   Skills:
 * Level 1.8 Short Blades
 - Level 1.7 Dodging
 + Level 3.0 Stealth
 + Level 2.3 Spellcasting
 * Level 3.6 Hexes


You had one spell level left.
You knew the following spells:

 Your Spells              Type           Power      Damage    Failure   Level
a - Ensorcelled Hibernat  Hex/Ice        14%        N/A       14%         2
b - Confusing Touch       Hex            13%        N/A       14%         3

Your spell library contained the following spells:

 Spells                   Type           Power      Damage    Failure   Level
 Tukima's Dance           Hex            13%        N/A       14%         3
 Dazzling Flash           Conj/Hex       14%        N/A       28%         3

Inventory:

Hand Weapons
 a - a +1 dagger (weapon)
Missiles
 g - 16 stones
Armour
 b - a +0 robe (worn)
Scrolls
 e - a scroll of identify {@r1}
 j - a scroll of teleportation {@r4}
Potions
 c - 2 potions of invisibility
 h - a potion of enlightenment
 k - a potion of heal wounds {unknown}

Dungeon Overview and Level Annotations

Branches:
Dungeon (2/15) Zot: 10847

Altars:

#.#.........# #.#
#.####.###### #.#
#.####.###########.#
#.##................
#.##.###..#.###
#....# #†...#
####.###..#[#
####.....##.#
#.g@...####.#
#.#######...# #.#
#.### #.# #. #.# #.
#.# #. #g# #. #.# #.
#.# #.#####


You could see a gnoll.


Message History

😕 HP[-2]
You take 2 damage, and now have 20/24 hp.
You barely miss the gnoll. The gnoll closely misses you.
You hit the gnoll. The gnoll closely misses you.
You hit the gnoll but do no damage.
Unknown command.
You hit the gnoll. The gnoll closely misses you.
You hit the gnoll.
You tail-slap the gnoll, but do no damage.
The gnoll closely misses you. 😕 HP[+1]
You completely miss the gnoll.
Your tail-slap misses the gnoll.
The gnoll barely misses you.
You hit the gnoll.
Your tail-slap misses the gnoll.
The gnoll hits you with a +0 club. 😮 HP[-5] MP[+1]
You take 5 damage, and now have 16/24 hp.
MASSIVE DAMAGE!! (PAUSE)
You hit the gnoll. The gnoll hits you with a +0 club.
* * * LOW HITPOINT WARNING * * *
😨 HP[-4]
You take 4 damage, and now have 12/24 hp.
You hit the gnoll. You tail-slap the gnoll.
You kill the gnoll!
Things that are here:
a +0 club; a gnoll corpse; 😮 HP[+1]
You start resting. 😕 HP[+7] MP[+3]
You regained 7 hp, and now have 20/24 hp.
You regained 3 mp, and now have 4/6 mp.
Found a stone staircase leading up. 😎 HP[+4] MP[+2]
Your hp is fully restored (24).
Your mp is fully restored (6).
A gnoll comes into view. It is wielding a +0 club.
The gnoll shouts!
A gnoll comes into view.
It is wielding a +1 flail of holy wrath.
There are monsters nearby!
Things that are here:
a +0 club; a gnoll corpse A gnoll is nearby!
You start waiting.
You sense a monster nearby.
Casting: Ensorcelled Hibernation (safe; 14% risk of failure)
Confirm with . or Enter, or press ? or * to list all spells.
Aiming: Ensorcelled Hibernation (safe; 14% risk of failure)
Press: ? - help, Shift-Dir - straight line, f - gnoll
Aim: a gnoll, wielding a +0 club (chance to affect: 50%)
The gnoll resists with some effort.
The gnoll completely misses you. 😎 MP[-2]
You lost 2 mp, and now have 4/6 mp.
Casting: Ensorcelled Hibernation (safe; 14% risk of failure)
Confirm with . or Enter, or press ? or * to list all spells.
Aiming: Ensorcelled Hibernation (safe; 14% risk of failure)
Press: ? - help, Shift-Dir - straight line, f/p - gnoll
Aim: a gnoll, wielding a +0 club (chance to affect: 50%)
You miscast Ensorcelled Hibernation.
You are very lightly contaminated with residual magic.
Nothing appears to happen.
The gnoll completely misses you. 😎 MP[-2]
You lost 2 mp, and now have 2/6 mp.
Casting: Ensorcelled Hibernation (safe; 14% risk of failure)
Confirm with . or Enter, or press ? or * to list all spells.
Aiming: Ensorcelled Hibernation (safe; 14% risk of failure)
Press: ? - help, Shift-Dir - straight line, f/p - gnoll
Aim: a gnoll, wielding a +0 club (chance to affect: 50%)
The gnoll resists with some effort.
The gnoll barely misses you. 😎 MP[-2]
You lost 2 mp, and now have 0/6 mp.
Unknown command.
You hit the gnoll. The gnoll closely misses you.
You barely miss the gnoll.
You tail-slap the gnoll, but do no damage.
The gnoll hits you with a +0 club! 😮 HP[-7]
You take 7 damage, and now have 17/24 hp.
MASSIVE DAMAGE!! (PAUSE)
You hit the gnoll.
The gnoll hits you with a +0 club. 😮 HP[-2]
You take 2 damage, and now have 15/24 hp.
You hit the gnoll. The gnoll barely misses you.
You hit the gnoll but do no damage. The gnoll hits you with a +0 club!
* * * LOW HITPOINT WARNING * * *
😨 HP[-8]
You take 8 damage, and now have 7/24 hp.
MASSIVE DAMAGE!! (PAUSE)
You closely miss the gnoll.
Your tail-slap misses the gnoll. 😨 HP[+1]
You closely miss the gnoll. The gnoll barely misses you.
Your magical contamination has completely faded away.
You hit the gnoll. The gnoll hits you with a +0 club.
* * * LOW HITPOINT WARNING * * *
😱 HP[-2] MP[+1]
You take 2 damage, and now have 6/24 hp.
You closely miss the gnoll. The gnoll closely misses you.
You hit the gnoll. The gnoll closely misses you.
You hit the gnoll but do no damage. The gnoll barely misses you. 😨 HP[+1]
You closely miss the gnoll. The gnoll closely misses you.
You hit the gnoll but do no damage. The gnoll hits you with a +0 club!
You die...

Skill      XL: |  1  2  3 |
---------------+----------+-----
Short Blades   | 1 |  1.8
Stealth        | 3 |  3.0
Dodging        | |  1.7
Spellcasting   | |  2.3
Hexes          | |  3.6

Action                     || total
---------------------------++-------
  Melee: Dagger            ||   105
         Punch             ||     1
         Tailslap          ||     7
   Cast: Ensorcelled Hiber ||     5
    Use: Scroll            ||     5
   Stab: Sleeping          ||     6
 Armour: Robe              ||    38
  Dodge: Dodged            ||    68

Levels and vault maps discovered:
D:1:      roadster_arrival_rocket_small, layout_loops_ring,
          wander_ebering_terrifying_dragon_lair
D:2:      layout_loops_ring, serial_shops, shop_statue, serial_bayou_lagoon_a,
          kennysheep_small_spiral

Notes
Turn   | Place    | Note
-------+----------+-------------------------------------------
     0 | D:1      | kae the Demonspawn Enchanter began the quest for the Orb.
     0 | D:1      | Reached XP level 1. HP: 13/13 MP: 3/3
     0 | D:1      | magus.rc [v1.11.3]
    27 | D:1      | Reached skill level 1 in Short Blades
   236 | D:1      | You feel monstrous as your demonic heritage exerts itself.
   236 | D:1      | Discovered your monstrous ancestry.
   236 | D:1      | Gained mutation: You have a pair of small antennae on your
                  | head. [demonic ancestry]
   236 | D:1      | Reached XP level 2. HP: 19/19 MP: 5/5
   270 | D:1      | Learned a level 2 spell: Ensorcelled Hibernation
   760 | D:1      | Gained mutation: You have a small tail. [demonic ancestry]
   760 | D:1      | Reached XP level 3. HP: 22/24 MP: 6/6
   764 | D:1      | Learned a level 3 spell: Confusing Touch
   932 | D:2      | Reached skill level 3 in Stealth
  1154 | D:2      | HP: 6/24 [gnoll/+0 club (2)]
  1159 | D:2      | Slain by a gnoll

Vanquished Creatures
  An adder (D:2)
  A gnoll (D:2)
  3 dart slugs (D:1)
  3 ball pythons (D:1)
  5 bats
  An endoplasm (D:1)
  3 goblins (D:1)
  2 hobgoblins
  A quokka (D:1)
  A frilled lizard (D:1)
  3 kobolds (D:1)
  2 rats
26 creatures vanquished.

Table legend:
 A = Non-vault XP
 B = Vault XP
 C = Vault XP percentage of total XP
 D = Non-vault monster count
 E = Vault monster count
 F = Vault count percentage of total count
                 A         B        C        D         E       F
            +---------+---------+-------+---------+---------+-------
      Total |      71 |       1 |   1.4 |      25 |       1 |   3.8
            +---------+---------+-------+---------+---------+-------
        D:1 |      40 |       1 |   2.4 |      20 |       1 |   4.8
        D:2 |      31 |       0 |   0.0 |       5 |       0 |   0.0
            +---------+---------+-------+---------+---------+-------

Skill      XL: |  1  2  3 |
---------------+----------+-----
Short Blades   | 1 |  1.8
Stealth        | 3 |  3.0
Dodging        | |  1.7
Spellcasting   | |  2.3
Hexes          | |  3.6

Action                     || total
---------------------------++-------
  Melee: Dagger            ||   105
         Punch             ||     1
         Tailslap          ||     7
   Cast: Ensorcelled Hiber ||     5
    Use: Scroll            ||     5
   Stab: Sleeping          ||     6
 Armour: Robe              ||    38
  Dodge: Dodged            ||    68

Illustrated notes

Table legend:
 A = Kills in this place as a percentage of kills in the entire game.
 B = Kills by you in this place as a percentage of kills by you in the entire game.
 C = Kills by friends in this place as a percentage of kills by friends in the entire game.
 D = Other kills in this place as a percentage of other kills in the entire game.
 E = Experience gained in this place as a percentage of experience gained in the entire game.
 F = Experience gained in this place divided by the number of levels of this place that you have seen.
                   A       B       C       D       E      F
               +-------+-------+-------+-------+-------+----------------------
         Total | 100.0 | 100.0 |   N/A |   N/A | 100.0 |  36.0
       Dungeon | 100.0 | 100.0 |   N/A |   N/A | 100.0 |  36.0
               +-------+-------+-------+-------+-------+----------------------

Table legend: (Time is in decaauts)
 A = Elapsed time spent in this place.
 B = Non-inter-level travel time spent in this place.
 C = Inter-level travel time spent in this place.
 D = Time resting spent in this place.
 E = Time spent auto-exploring this place.
 F = Levels seen in this place.
 G = Mean time per level.
                   A        B        C        D        E       F      G
               +--------+--------+--------+--------+--------+-----+--------+
         Total |   1151 |   1147 |      4 |     32 |    869 |   2 |  575.5 |
       Dungeon |   1151 |   1147 |      4 |     32 |    869 |   2 |  575.5 |
               +--------+--------+--------+--------+--------+-----+--------+

Top non-repeatable levels by time:
     D:1: 845 daAuts
     D:2: 305 daAuts
